 Dungeon Crawl Stone Soup version 0.27.1-4-g1640c2035a (webtiles) character file.

Game seed: 5425632194262231250

60 actionjackson the Shield-Bearer (level 3, -4/33 (36) HPs)
             Began as a Troll Fighter on Nov 14, 2021.
             Slain by Crazy Yiuf (10 damage)
             ... on level 2 of the Dungeon.
             The game lasted 00:09:28 (1401 turns).

actionjackson the Shield-Bearer (Troll Fighter)     Turns: 1401, Time: 00:09:29

HP:   -4/33 (36)    AC:  4    Str: 31    XL:     3   Next: 82%
MP:   0/2           EV:  8    Int:  4    God:
Gold: 48            SH:  9    Dex:  9    Spells: 2/2 levels left

rFire    . . .     SeeInvis .   a - +0 flail
rCold    + . .     Faith    .   c - +0 kite shield
rNeg     . . .     Spirit   .   b - +0 robe
rPois    .         Reflect  .   (helmet restricted)
rElec    .         Harm     .   (no cloak)
rCorr    .         Rampage  .   (gloves unavailable)
Will     .....                  (boots unavailable)
Stlth    +.........             (no amulet)
HPRegen  1.11/turn              g - +6 ring of strength
MPRegen  0.08/turn              h - ring of protection from cold

@: drained
A: large, unfitting armour, claws 3, regeneration 1, shaggy fur 1, tough skin 1
a: no special abilities


You were on level 2 of the Dungeon.
You visited 1 branch of the dungeon, and saw 2 of its levels.

You collected 48 gold pieces.

Inventory:

Hand Weapons
 a - a +0 flail (weapon)
 j - a +2 dagger of flaming
Armour
 b - a +0 robe (worn)
 c - a +0 kite shield (worn)
 f - a +0 helmet
Jewellery
 g - a +6 ring of strength (left claw)
 h - a ring of protection from cold (right claw)
Scrolls
 e - a scroll of fear {unknown}
 i - a scroll of enchant armour {unknown}
Potions
 d - a potion of heal wounds


   Skills:
 + Level 2.7 Fighting
 * Level 2.6 Maces & Flails
 * Level 0.3 Armour
 + Level 2.8 Dodging
 + Level 2.8 Shields


You had 2 spell levels left.
You didn't know any spells.
Your spell library contained the following spells:

 Spells                   Type           Power      Damage    Failure   Level
 Pain                     Necr           0%         1d4       91%         1


Dungeon Overview and Level Annotations

Branches:
Dungeon (2/15)

Altars:

Annotations:
D:2 Crazy Yiuf


Innate Abilities, Weirdness & Mutations

You are too large for most types of armour.
You have claws for hands.
Your natural rate of healing is unusually fast.
You are covered in fur. (AC +1)
You have tough skin. (AC +1)


Message History

You are no longer poisoned.
You see here a rat corpse.
Crazy Yiuf zaps a wand.
Some rock shatters into small pieces.
Crazy Yiuf cries, "Papa!
Line ragdoll sow."
Crazy Yiuf zaps a wand.
You hear a grinding noise.
Your magical contamination has completely faded away.
Crazy Yiuf says, "Proton song sing-song!"
Crazy Yiuf sings, "Trees, trees, trees, circus!"
Crazy Yiuf hits you with a +2 quarterstaff of chaos!
You feel drained.
You barely miss Crazy Yiuf. You block Crazy Yiuf's attack.
You closely miss Crazy Yiuf. You block Crazy Yiuf's attack.
Crazy Yiuf hits you with a +2 quarterstaff of chaos!
Crazy Yiuf burns you.
You thump Crazy Yiuf!
Crazy Yiuf is moderately wounded.
Crazy Yiuf yells, "Island eyeball meccalolo!"
You block Crazy Yiuf's attack.
Crazy Yiuf says, "Leather infinity blue!"
Crazy Yiuf says, "Cod cloud action!"
Crazy Yiuf screams, "Gnoll!"
Crazy Yiuf waves his quarterstaff at you.
You block Crazy Yiuf's attack.
Crazy Yiuf yells, "Powder cower shoe!"
Crazy Yiuf flaps his cloak.
You block Crazy Yiuf's attack.
You feel a little less mighty now.
Crazy Yiuf says, "Line snockshim sow!"
Found 13 sling bullets.
You closely miss Crazy Yiuf.
Crazy Yiuf is moderately wounded.
Crazy Yiuf hits you with a +2 quarterstaff of chaos!
You feel your power leaking away.
Crazy Yiuf hits you with a +2 quarterstaff of chaos!
* * * LOW HITPOINT WARNING * * *
You feel drained.
* * * LOW HITPOINT WARNING * * *
Crazy Yiuf hits you with a +2 quarterstaff of chaos!
You die...

#.# #.# #...<.. #.# #.#
#.#####
#.####.#######.#
#>.............#
#.##.##.#..#####
#.##.##.#..#
#.##.##.#..#
#####.##g...#..#
...(...@.......#
##########.###.########
##.##.........
#.#.#######. #..# ##.##
#..# ###### #.#.##..†..
#.......###


You could see Crazy Yiuf.

Vanquished Creatures
  Terence (D:2)
  A gnoll (D:1)
  A dart slug (D:1)
  2 ball pythons
  3 endoplasms
  2 giant cockroaches
  3 hobgoblins
  4 frilled lizards (D:1)
  4 goblins (D:1)
  2 kobolds (D:1)
  2 rats
25 creatures vanquished.

Vanquished Creatures (others)
  2 fungi (D:1)
2 creatures vanquished.

Grand Total: 27 creatures vanquished

Notes
Turn   | Place    | Note
-------+----------+-------------------------------------------
     0 | D:1      | actionjackson the Troll Fighter began the quest for the
                  | Orb.
     0 | D:1      | Reached XP level 1. HP: 22/22 MP: 0/0
    77 | D:1      | Reached XP level 2. HP: 28/29 MP: 1/1
   454 | D:1      | Found a faded altar of an unknown god.
   468 | D:1      | Got Plato's Guide on Dark Magic
   815 | D:1      | Reached XP level 3. HP: 36/36 MP: 2/2
  1149 | D:2      | Noticed Terence
  1173 | D:2      | Killed Terence
  1296 | D:2      | Found a runed translucent door.
  1297 | D:2      | Noticed Crazy Yiuf
  1401 | D:2      | Slain by Crazy Yiuf

Illustrated notes

Levels and vault maps discovered:
D:1:      onia_arrival_pentagram, layout_loops_corners,
          shapermc_ecumenical_altar_rom_forum
D:2:      minmay_kobold_bridge, layout_loops_ring, uniq_crazy_yiuf_cottage,
          uniq_terence, uniq_natasha

Skill      XL: |  1  2 |
---------------+-------+-----
Maces & Flails | 2 |  2.6
Fighting       | |  2.7
Armour         | |  0.3
Dodging        | |  2.8
Shields        | |  2.8

Action                   || total
-------------------------++-------
Melee: Flail             ||   101
  Use: Potion            ||     1
Armor: Robe              ||    20
Dodge: Dodged            ||    24
Block: Kite shield       ||    44
